Cogmind - Beta 10.2 *** ADVENTURER MODE // 2021.10.22 @ 22:48:55 Player: rei Result: Destroyed by Cetus Guard with Advanced Variable Charge Gun Performance ------------- Evolutions (4) 2000 Regions Visited (9) 1800 Robots Destroyed (158) 790 Value Destroyed (5679) 5679 Prototype IDs (4) 80 Alien Tech Used (0) 0 Bonus (281) 281 TOTAL SCORE: 10630 Bonus ------- High Alert Combat Kills 43 Follower Combat Kills 339 Friendly Fire -101 Cogmind --------- Core Integrity 0/850 Matter 300/300 Energy 85/100 System Corruption 3% Temperature Cool (9) Movement Core (150) Ox2 Location -6/Cetus Parts ------- > --- POWER (3) -------- (None) > --- PROPULSION (4) --- (None) > --- UTILITY (6) ------ Enhanced Optical Array Targeting Computer Advanced Targeting Computer Improved Core Analyzer > --- WEAPON (2) ------- Phasing Sabre Phasing Sabre > --- INVENTORY (4) ---- Improved Datajack Phasing Sabre Peak State ------------ > --- POWER ------------ Improved Deuterium Engine Fission Core Light Fission Core > --- PROPULSION ------- Flexi-carbon Leg Flexi-carbon Leg Flexi-carbon Leg Flexi-carbon Leg > --- UTILITY ---------- Improved Cooling System Enhanced Optical Array Targeting Computer Advanced Targeting Computer Improved Core Analyzer Improved Medium Armor Plating > --- WEAPON ----------- Gauss Rifle Phasing Sabre > --- INVENTORY -------- Flexi-carbon Leg Improved Datajack Phasing Sabre Phasing Sabre [Rating: 68] Favorites ----------- Power Light Nuclear Core Engine Improved Deuterium Engine Power Core Light Nuclear Core Propulsion Medium Treads Treads Medium Treads Leg Carbon-fiber Leg Utility Advanced Targeting Computer Device Improved Heat Sink Storage Medium Storage Unit Processor Advanced Targeting Computer Protection Improved Medium Armor Plating Weapon Gauss Rifle Energy Gun Heavy Particle Gun Energy Cannon EM Pulse Cannon Ballistic Gun Gauss Rifle Ballistic Cannon Light Cannon Launcher Rocket Launcher Slashing Weapon Katana Special Melee Weapon Improved Datajack Build | -11 -10 -10 -9 -9 -8 -7 -6 -6 -6 ------- Run | Scr Mat Min Mat Sto Mat Fac Fac Ext Cet Slots Evolved 8 | . . . 2 . 2 2 2 . . Power 2 | . . . . . 1 1 . . . Propulsion 2 | . . . 2 . . . . . . Utility 4 | . . . . . 1 1 2 . . Weapon . | . . . . . . . . . . Parts Attached 143 | 6 4 2 10 10 28 13 11 58 1 Power 24 | 1 . . 1 . 5 4 2 11 . Engine 14 | 1 . . 1 . 5 1 1 5 . Core 10 | . . . . . . 3 1 6 . Reactor . | . . . . . . . . . . Propulsion 39 | 2 . . 6 4 11 . . 16 . Treads 10 | . . . . . 4 . . 6 . Leg 29 | 2 . . 6 4 7 . . 10 . Wheel . | . . . . . . . . . . Hover . | . . . . . . . . . . Flight . | . . . . . . . . . . Utility 32 | 1 2 1 2 1 3 5 6 11 . Device 18 | . . 1 1 . 2 4 5 5 . Storage 2 | 1 . . . . . . . 1 . Processor 6 | . 1 . 1 . 1 . . 3 . Hackware . | . . . . . . . . . . Protection 6 | . 1 . . 1 . 1 1 2 . Artifact . | . . . . . . . . . . Weapon 48 | 2 2 1 1 5 9 4 3 20 1 Energy Gun 14 | . . . . 3 6 3 . 2 . Energy Cannon 1 | . . . . . 1 . . . . Ballistic Gun 13 | 2 2 . . . . . 2 7 . Ballistic Cannon 3 | . . 1 1 1 . . . . . Launcher 2 | . . . . 1 1 . . . . Special Weapon . | . . . . . . . . . . Impact Weapon . | . . . . . . . . . . Slashing Weapon 12 | . . . . . 1 1 1 8 1 Piercing Weapon . | . . . . . . . . . . Special Melee Weapon 3 | . . . . . . . . 3 . Unidentified Prototypes 3 | . . 1 . . 1 1 . . . Parts Lost 76 | . . . . 6 20 2 9 29 10 Power 16 | . . . . . 5 . 2 6 3 Propulsion 24 | . . . . 1 8 . 2 9 4 Utility 16 | . . . . 1 1 1 2 9 2 Weapon 20 | . . . . 4 6 1 3 5 1 Highest Loss Streak 10 | . . . . 2 5 2 5 6 10 Average Slot Usage (%) 88 | . 88 100 99 92 73 98 80 85 71 Engine 9 | . 14 14 11 11 11 6 7 7 5 Core 5 | . . . . . . 14 10 9 3 Treads 10 | . . . . . 5 30 17 12 . Leg 16 | . 28 28 44 42 20 . . 6 16 Device 13 | . . 11 16 4 12 22 22 13 2 Processor 8 | . 5 2 4 11 5 7 6 12 26 Protection 5 | . 12 14 . 1 . . 3 7 2 Energy Gun 4 | . . . . 3 13 14 1 . . Ballistic Gun 7 | . 28 20 5 . . . 6 9 1 Ballistic Cannon 3 | . . 7 16 17 . . . . . Slashing Weapon 1 | . . . . . 2 . 1 2 10 Naked Turns . | . . . . . . . . . . Heaviest Build 61 | 13 18 22 22 15 17 37 52 61 47 Greatest Support 112 | 20 20 20 60 60 112 112 112 103 80 Greatest Overweight (x) 7 | . . 1 . . . . . 7 . Average Overweight (x) . | . . . . . . . . . . Largest Inventory Capacity 8 | 6 6 4 4 4 4 4 4 8 4 Average Capacity 4 | 4 4 4 4 4 4 4 4 4 4 Most Carried 6 | 3 4 4 4 4 4 4 4 6 3 Average Carried 3 | . 2 3 3 3 2 2 3 3 2 Final Capacity 6 | 6 4 4 4 4 4 4 4 4 4 Final Carried 4 | . 4 4 4 2 4 3 4 3 2 Class Distribution -------------------- 55% | Scavenger-Mutant 42% | Mutant Dominant Class ---------------- Mutant | -10/Materials Mutant | -10/Mines Mutant | -9/Materials Mutant | -9/Storage Mutant | -8/Materials Scavenger-Mutant | -7/Factory Scavenger-Mutant | -6/Factory Scavenger-Mutant | -6/Extension Scavenger-Mutant | -6/Cetus Resources | -11 -10 -10 -9 -9 -8 -7 -6 -6 -6 ----------- Run | Scr Mat Min Mat Sto Mat Fac Fac Ext Cet Matter Collected 3256 | . 202 300 408 412 315 106 118 1395 . Remotely . | . . . . . . . . . . Salvage Created 6584 | . 203 128 534 644 938 570 624 2733 210 Parts 319 | . 13 5 36 34 46 18 25 129 13 Haulers Intercepted 1 | . . . . . 1 . . . . Recyclers Shooed 2 | . . . . . . . . 2 . Parts Field Recycled . | . . . . . . . . . . Retrieved Matter . | . . . . . . . . . . Parts Self-Destructed . | . . . . . . . . . . Prevented . | . . . . . . . . . . Kills | -11 -10 -10 -9 -9 -8 -7 -6 -6 -6 ------- Run | Scr Mat Min Mat Sto Mat Fac Fac Ext Cet Combat Hostiles Destroyed 117 | . 4 1 17 16 22 10 8 36 3 Melee 20 | . . . . . 2 . 5 10 3 Guns 62 | . 4 1 3 4 13 9 2 26 . Cannons 23 | . . . 14 8 1 . . . . AOE 10 | . . . . 4 6 . . . . Classes Destroyed 15 | . 5 1 3 . 2 2 . 2 . Worker 8 | . 2 . . 2 3 1 . . . Tunneler 1 | . . 1 . . . . . . . Hauler 1 | . . . . . 1 . . . . Recycler 14 | . 1 1 1 2 3 . 1 5 . Mechanic 1 | . . . . . . . . 1 . Operator 7 | . . . 2 1 1 . 1 2 . Watcher 9 | . 1 . 2 . 2 1 . 3 . Swarmer 28 | . 3 . 6 4 4 . . 11 . Grunt 48 | . 1 1 9 6 13 3 2 13 . Brawler 2 | . . . 1 . . . 1 . . Duelist 1 | . . . . . . 1 . . . Sentry 23 | . . . 1 6 4 3 3 6 . Hunter 7 | . . . . . 1 . 2 4 . Programmer 4 | . . . . . . 3 . 1 . Behemoth 1 | . . . . . . . . 1 . Cetus Guard 3 | . . . . . . . . . 3 Best Kill Streak 7 | . 3 1 4 5 7 2 3 5 3 Combat Bots Only 6 | . 3 1 4 5 6 2 3 4 3 Max Kills in Single Turn 4 | . 2 1 1 4 4 2 1 2 1 Gunslinging 1 | . . . . . . . . 1 . Exploded 4 | . . . . 4 4 . . . . Melee 1 | . . . . . 1 . 1 1 1 Uniques/NPCs Destroyed . | . . . . . . . . . . Combat | -11 -10 -10 -9 -9 -8 -7 -6 -6 -6 -------- Run | Scr Mat Min Mat Sto Mat Fac Fac Ext Cet Damage Taken 8882 | . 252 24 327 771 1455 627 848 3332 1246 Core 1394 | . 44 . 43 121 255 66 24 432 409 Absorbed by Shields 1537 | . . . . . . 171 239 1127 . Core Remaining (%) 76 | 100 . 82 . 59 53 90 . . . Volleys Fired 399 | . 17 12 47 61 88 50 15 108 1 Largest 2 | . 2 2 2 2 2 2 2 2 1 Hottest 135 | . 46 58 70 85 130 135 135 109 28 Shots Fired 692 | . 29 24 94 105 138 76 30 195 1 Gun 523 | . 29 17 13 41 121 76 30 195 1 Cannon 158 | . . 7 81 63 7 . . . . Launcher 11 | . . . . 1 10 . . . . Special . | . . . . . . . . . . Kinetic 393 | . 29 24 94 63 . . 12 170 1 Thermal 253 | . . . . 13 121 76 18 25 . Explosive 11 | . . . . 1 10 . . . . Electromagnetic 35 | . . . . 28 7 . . . . Robot Hit Streak 50 | . 8 8 15 31 32 50 23 43 13 Robot Miss Streak 4 | . 4 1 3 2 3 1 1 2 . Penetration Max 2 | . . . . . . . . 2 . Secondary Targets 5 | . . . . . . . . 5 . Max Gunslinging Chain 1 | . . . . . . . . 1 . Shots Hit Robots 633 | . 24 6 58 78 126 70 36 219 16 Core Hits 376 | . 15 5 26 30 153 26 18 93 10 Critical Hits 31 | . . . 1 1 . . 1 27 1 Critical Kills 10 | . . . 1 . . . 1 7 1 Critical Parts Destroyed 20 | . . . . 1 . . . 19 . Melee Attacks 124 | . . . . . 7 . 22 78 17 Impact . | . . . . . . . . . . Slashing 109 | . . . . . 7 . 22 63 17 Piercing . | . . . . . . . . . . Sneak Attacks 19 | . . . . . . . 2 17 . Combat Hostiles . | . . . . . . . . . . Follow-up Attacks 2 | . . . . . . . . . 2 Damage Inflicted 14383 | . 330 88 961 1514 2657 1615 1442 5136 640 Guns 8054 | . 309 70 196 417 1553 1615 483 3389 22 Cannons 1713 | . . 18 765 798 132 . . . . Explosions 1141 | . . . . 299 787 . 55 . . Melee 3454 | . . . . . 185 . 904 1747 618 Ramming 21 | . 21 . . . . . . . . Kinetic 5227 | . 309 88 961 798 . . 218 2831 22 Thermal 4091 | . . . . 100 1553 1615 265 558 . Explosive 1141 | . . . . 299 787 . 55 . . Electromagnetic 449 | . . . . 317 132 . . . . Impact . | . . . . . . . . . . Slashing 3454 | . . . . . 185 . 904 1747 618 Piercing . | . . . . . . . . . . Highest Corruption 3 | . . . . . 2 3 3 3 3 Average Corruption 2 | . . . . . 1 2 3 3 3 Corruption Purged . | . . . . . . . . . . Effects 79 | . . . . . 1 4 5 68 1 Message Errors 15 | . . . . . . . 2 13 . Matter Fused 23 | . . . . . . 1 2 20 . Heat Flow Errors 10 | . . . . . . 2 1 6 1 Energy Discharges 7 | . . . . . . . . 7 . Data Loss (minor) 8 | . . . . . . . . 8 . Targeting Errors 14 | . . . . . 1 . . 13 . Weapon Failures 2 | . . . . . . 1 . 1 . Overload Shots . | . . . . . . . . . . Overflow Damage 276 | . . . 35 . 7 . 137 97 . Projectiles 35 | . . . 35 . . . . . . Explosions 22 | . . . . . 7 . 15 . . Melee 219 | . . . . . . . 122 97 . Knockbacks 7 | . . . 7 . . . . . . Impact . | . . . . . . . . . . Kinetic 6 | . . . 6 . . . . . . Secondary 1 | . . . 1 . . . . . . Self-Inflicted Damage 80 | . 5 . . . 6 . 69 . . Shots 2 | . . . . . 1 . 1 . . Rammed 3 | . 3 . . . . . . . . Targets Rammed 7 | . 7 . . . . . . . . Kicked 4 | . 4 . . . . . . . . Crushed . | . . . . . . . . . . Highest Temperature 437 | . 12 24 39 199 437 287 251 238 241 Average Temperature 73 | . 6 10 11 57 117 81 131 48 140 Received Heat Transfer 2780 | . 39 18 129 351 789 175 139 897 243 Effects 4 | . . . . . 3 . 1 . . Shutdowns 2 | . . . . . 2 . . . . Energy Bleed 1 | . . . . . . . 1 . . Short Circuit 1 | . . . . . 1 . . . . Siege Activations . | . . . . . . . . . . Robots Corrupted . | . . . . . . . . . . Combat Hostiles . | . . . . . . . . . . Parts Fried 2 | . . . . 1 1 . . . . Impact Corruptions . | . . . . . . . . . . Robots Melted 2 | . . . . . . 1 1 . . Combat Hostiles 2 | . . . . . . 1 1 . . Parts Melted 23 | . . . 1 1 1 14 3 3 . Heat Transferred 7117 | . . . . 225 2073 3110 585 1124 . Parts Sabotaged . | . . . . . . . . . . Parts Stolen . | . . . . . . . . . . Parts Stripped . | . . . . . . . . . . Power Chain Reactions . | . . . . . . . . . . Missiles Intercepted . | . . . . . . . . . . Alert | -11 -10 -10 -9 -9 -8 -7 -6 -6 -6 ------- Run | Scr Mat Min Mat Sto Mat Fac Fac Ext Cet Peak Influence 564 | . 106 140 564 442 386 257 393 317 82 Initial 143 | . . 18 1 143 90 20 38 81 81 Average 118 | . 35 55 263 213 131 75 233 91 54 Maximum Alert Level 2 | . . . 2 2 1 1 1 1 . Low Security (%) 80 | 100 100 100 46 52 69 88 51 91 100 Level 1 16 | . . . 22 43 30 11 48 8 . Level 2 2 | . . . 31 3 . . . . . Level 3 . | . . . . . . . . . . Level 4 . | . . . . . . . . . . Level 5 . | . . . . . . . . . . High Security . | . . . . . . . . . . Max Security . | . . . . . . . . . . Squads Dispatched 33 | . 2 . 3 5 4 7 6 6 . Investigation 12 | . 2 . 1 4 1 1 1 2 . Extermination 3 | . . . . . . 3 . . . Reinforcement 10 | . . . 2 . 3 . 1 4 . Assault 1 | . . . . . . . 1 . . Garrison 7 | . . . . 1 . 3 3 . . Intercept . | . . . . . . . . . . Construction Impeded 1 | . . . . . 1 . . . . Haulers Reinforced . | . . . . . . . . . . Stealth | -11 -10 -10 -9 -9 -8 -7 -6 -6 -6 --------- Run | Scr Mat Min Mat Sto Mat Fac Fac Ext Cet Distress Signals 12 | . 3 . 1 1 2 1 . 3 1 Communications Jammed . | . . . . . . . . . . Distress Signals . | . . . . . . . . . . Times Spotted 201 | . 9 7 34 22 31 14 11 68 5 Peak Tracking Total 7 | . 4 3 6 6 7 4 4 5 5 Tactical Retreats 29 | . 1 1 6 1 3 1 . 16 . Traps | -11 -10 -10 -9 -9 -8 -7 -6 -6 -6 ------- Run | Scr Mat Min Mat Sto Mat Fac Fac Ext Cet Traps Triggered 2 | . . . . . 2 . . . . Indirectly . | . . . . . . . . . . Trap Hack Attempts . | . . . . . . . . . . Triggered . | . . . . . . . . . . Disarmed . | . . . . . . . . . . Reprogrammed . | . . . . . . . . . . Reused . | . . . . . . . . . . Traps Extracted . | . . . . . . . . . . Installed . | . . . . . . . . . . Triggered . | . . . . . . . . . . Machines | -11 -10 -10 -9 -9 -8 -7 -6 -6 -6 ---------- Run | Scr Mat Min Mat Sto Mat Fac Fac Ext Cet Machines Disabled 11 | . . . 1 2 1 . 2 5 . Max in Single Turn 1 | . . . 1 1 1 . 1 1 . Garrison Access 2 | . . . . 1 . . 1 . . Machines Sabotaged . | . . . . . . . . . . Garrisons Compromised . | . . . . . . . . . . Overloaded Fab Kills . | . . . . . . . . . . Fab Network Shutdowns . | . . . . . . . . . . Hacking | -11 -10 -10 -9 -9 -8 -7 -6 -6 -6 --------- Run | Scr Mat Min Mat Sto Mat Fac Fac Ext Cet Machines Accessed 37 | . 6 1 4 7 4 3 1 11 . Terminals 26 | . 5 . 3 5 4 1 . 8 . Fabricators 1 | . . . . . . 1 . . . Repair Stations 2 | . . . . 1 . . . 1 . Recycling Units 4 | . 1 . 1 . . . . 2 . Scanalyzers 1 | . . . . . . 1 . . . Garrison Access 2 | . . . . 1 . . 1 . . Total Hacks 89 | . 19 1 8 23 10 5 2 21 . Successful 58 | . 15 1 4 13 8 4 . 13 . Failed 31 | . 4 . 4 10 2 1 2 8 . Catastrophic 6 | . 1 . . 2 1 1 1 . . Database Lockouts . | . . . . . . . . . . Manual 17 | . . . 6 3 3 2 . 3 . Terminals 66 | . 16 . 7 14 10 3 . 16 . Fabricators 1 | . . . . . . 1 . . . Repair Stations 9 | . . . . 7 . . . 2 . Recycling Units 7 | . 3 . 1 . . . . 3 . Scanalyzers 1 | . . . . . . 1 . . . Garrison Access 4 | . . . . 2 . . 2 . . Terminal Hacks 41 | . 12 1 3 6 8 2 . 9 . Record 11 | . 7 . . 2 . 1 . 1 . Robot Analysis 1 | . . . . . 1 . . . . Open Door 6 | . . 1 . 1 . . . 4 . Level Access Points 1 | . . . . . . . . 1 . Branch Access Points 4 | . 1 . 1 . 1 1 . . . Alert Level 7 | . 2 . . 1 3 . . 1 . Unreport Threat 3 | . . . . 1 1 . . 1 . Locate Traps 2 | . . . 1 . . . . 1 . Maintenance Status 1 | . . . . . 1 . . . . Investigation Status 1 | . . . 1 . . . . . . Recall Investigation 1 | . . . . 1 . . . . . Zone Layout 3 | . 2 . . . 1 . . . . Fabricator Hacks 1 | . . . . . . 1 . . . Build 1 | . . . . . . 1 . . . Repair Station Hacks 8 | . . . . 6 . . . 2 . Scan Component 4 | . . . . 3 . . . 1 . Repair 4 | . . . . 3 . . . 1 . Recycling Unit Hacks 6 | . 3 . 1 . . . . 2 . Retrieve Matter 1 | . 1 . . . . . . . . Retrieve Components 5 | . 2 . 1 . . . . 2 . Scanalyzer 1 | . . . . . . 1 . . . Insert Component 1 | . . . . . . 1 . . . Garrison Access Hacks 1 | . . . . 1 . . . . . Seal Access 1 | . . . . 1 . . . . . Unauthorized Hacks . | . . . . . . . . . . Terminals . | . . . . . . . . . . Fabricators . | . . . . . . . . . . Repair Stations . | . . . . . . . . . . Recycling Units . | . . . . . . . . . . Scanalyzers . | . . . . . . . . . . Garrison Access . | . . . . . . . . . . Data Cores Recovered 2 | . . . . 1 1 . . . . Used . | . . . . . . . . . . Hacking Detections 26 | . 5 . 2 6 3 2 1 7 . Full Trace Events 12 | . 2 . 1 4 1 1 1 2 . Feedback Events . | . . . . . . . . . . Feedback Blocked . | . . . . . . . . . . Robot Schematics Acquired . | . . . . . . . . . . Robots Built . | . . . . . . . . . . Matter . | . . . . . . . . . . Time . | . . . . . . . . . . Total Robot Build Rating . | . . . . . . . . . . Part Schematics Acquired . | . . . . . . . . . . Parts Built 2 | . . . . . . 2 . . . Matter 212 | . . . . . . 212 . . . Time 53 | . . . . . . 53 . . . Total Part Build Rating 12 | . . . . . . 12 . . . Parts Repaired 4 | . . . . 3 . . . 1 . Time 164 | . . . . 114 . . . 50 . Parts Recycled . | . . . . . . . . . . Recycled Matter . | . . . . . . . . . . Retrieved Matter . | . . . . . . . . . . Retrieved Components 13 | . . . 1 . . . . 12 . Parts Scanalyzed . | . . . . . . . . . . Part Schematics Acquired . | . . . . . . . . . . Parts Damaged . | . . . . . . . . . . Bothacking | -11 -10 -10 -9 -9 -8 -7 -6 -6 -6 ------------ Run | Scr Mat Min Mat Sto Mat Fac Fac Ext Cet Used RIF Installer . | . . . . . . . . . . Robots Hacked 1 | . . . . . . . . 1 . Non-combat 1 | . . . . . . . . 1 . Combat . | . . . . . . . . . . Robot Hacks Applied 1 | . . . . . . . . 1 . no_distress 1 | . . . . . . . . 1 . Relay Couplers Released 5 | . . . . . . 3 2 . . Machine Destruction 2 | . . . . . . . 2 . . Programmers 3 | . . . . . . 3 . . . Robots Rewired 10 | . . . . . . . . 10 . Allies Hacked . | . . . . . . . . . . Hacks Repelled . | . . . . . . . . . . Allies | -11 -10 -10 -9 -9 -8 -7 -6 -6 -6 -------- Run | Scr Mat Min Mat Sto Mat Fac Fac Ext Cet Total Allies 18 | . . 3 . . . . . 15 . Largest Group 4 | . . 3 1 . . . . 4 . Highest-Rated Group 118 | . . 40 8 . . . . 118 . Highest-Rated Ally 37 | . . 16 8 . . . . 37 . Total Orders . | . . . . . . . . . . Ally Attacks 157 | . . 51 37 . . . . 69 . Total Damage 1775 | . . 310 183 . . . . 1282 . Kills 20 | . . 10 4 . . . . 6 . Allies Corrupted 2 | . . 1 1 . . . . . . Allies Melted . | . . . . . . . . . . Intel | -11 -10 -10 -9 -9 -8 -7 -6 -6 -6 ------- Run | Scr Mat Min Mat Sto Mat Fac Fac Ext Cet Robot Analysis Total 1 | . . . . . 1 . . . . Derelict Logs Recovered 3 | . . 3 . . . . . . . Drone Launches 10 | . . 6 4 . . . . . . Drone Recoveries 7 | . . 3 4 . . . . . . Exploration | -11 -10 -10 -9 -9 -8 -7 -6 -6 -6 ------------- Run | Scr Mat Min Mat Sto Mat Fac Fac Ext Cet Turns Passed 9703 | 51 530 1023 836 643 1405 1512 545 3085 73 Spaces Moved 4407 | 37 385 556 405 295 628 426 244 1405 26 Core 8 | 6 . . . . . . . 2 . Treads 1712 | . . . . . 128 426 244 914 . Legs 2687 | 31 385 556 405 295 500 . . 489 26 Wheels . | . . . . . . . . . . Hover . | . . . . . . . . . . Flight . | . . . . . . . . . . Fastest Speed 50 | 50 120 120 120 120 120 160 160 120 120 Average Speed 139 | 108 120 142 120 120 128 160 160 149 120 Slowest Speed 400 | 120 120 150 120 120 160 160 160 400 120 Overloaded Moves . | . . . . . . . . . . Propulsion Burnouts . | . . . . . . . . . . Robots Hopped . | . . . . . . . . . . Cave-ins Triggered . | . . . . . . . . . . Exploration Rate (%) 39 | 3 50 93 36 49 38 11 6 90 18 Regions Visited 9 Branch Regions 4 Pre-discovered Areas 3 | . . 3 . . . . . . . Known Exits Taken 2 | . 1 . 1 . . . . . . Unknown Exits Taken 7 | 1 . 1 . 1 1 1 1 1 . Scrap Searched 1 | . . 1 . . . . . . . Spaces Dug 6 | . . . . . . . 4 . 2 Terrain Destroyed 99 | . . . . 6 49 . 39 3 2 Melee 6 | . . . . . . . 4 . 2 Projectile 3 | . . . . . . . . 3 . AOE 90 | . . . . 6 49 . 35 . . Terrain Rammed . | . . . . . . . . . . Walls Destroyed . | . . . . . . . . . . Machines Disabled . | . . . . . . . . . . Actions | -11 -10 -10 -9 -9 -8 -7 -6 -6 -6 --------- Run | Scr Mat Min Mat Sto Mat Fac Fac Ext Cet Total 7072 | 48 423 760 661 477 1079 1174 323 2082 45 Wait 1849 | . . 188 188 105 297 673 17 379 2 Move 4398 | 36 384 555 404 294 627 425 243 1404 26 Hop . | . . . . . . . . . . Pick Up 109 | 6 8 2 5 5 26 8 13 36 . Fast Attach 19 | . . . 2 3 4 . . 10 . Attach 77 | 6 2 . 2 5 21 5 10 25 1 Detach 1 | . . . . . . . . 1 . Swap 47 | . 2 2 6 2 3 8 1 23 . Drop 44 | . 3 1 7 2 6 5 2 18 . Fire 399 | . 17 12 47 61 88 50 15 108 1 Melee 122 | . . . . . 7 . 22 78 15 Ram . | . . . . . . . . . . Kick 7 | . 7 . . . . . . . . Crush . | . . . . . . . . . . Escape Stasis . | . . . . . . . . . . Rewire . | . . . . . . . . . . Trap . | . . . . . . . . . . Miscellaneous . | . . . . . . . . . . Route ------- -11/Scrapyard -10/Materials (discovered 2 exits: *Min x2) -10/Mines (discovered 2 exits: *Mat x2) -9/Materials (discovered 5 exits: *Mat / *Min x2 / *Sto x2) -9/Storage -8/Materials -7/Factory (discovered 3 exits: *Fac / Low x2) -6/Factory -6/Extension (discovered 3 exits: *Fac x2 / [*Cet]) -6/Cetus History --------- Turn | Location | Event 2 | -11/Scrapyard | Discovered new exit (range 16) 52 | -11/Scrapyard | Entered Materials 68 | -10/Materials | Discovered new exit (range 15) 301 | -10/Materials | Build established: Mutant 327 | -10/Materials | Discovered new exit (range 6) 561 | -10/Materials | Identified exit to Mines 582 | -10/Materials | Entered Mines 586 | -10/Mines | Learned location of Zion (-7) 606 | -10/Mines | Learned location of Storage (-9) 611 | -10/Mines | Discovered new exit (range 8) 665 | -10/Mines | Assisted by bots powering up and referring to "LRC-V3" 757 | -10/Mines | Found the Drone Emporium 764 | -10/Mines | Found Prototype Device 768 | -10/Mines | Identified Thief Drone Bay 859 | -10/Mines | Received a Rocket Launcher from a helpful Derelict 886 | -10/Mines | Learned Materials non-interactive machine intel 888 | -10/Mines | Discovered new exit (range 13) 1004 | -10/Mines | Excavation squad dispatched 1004 | -10/Mines | A large section of the Mines collapsed 1605 | -10/Mines | Entered Materials 1605 | -9/Materials | Accompanied by 3 allies 1605 | -9/Materials | Evolved 2 slots: Propulsion x2 1606 | -9/Materials | Loaded intel: 23 non-interactive machine locations 1924 | -9/Materials | Discovered new exit (range 10) 2181 | -9/Materials | Identified exit to Mines 2181 | -9/Materials | Identified exit to Storage 2221 | -9/Materials | Discovered new exit (range 7) 2441 | -9/Materials | Entered Storage 2451 | -9/Storage | Repaired Carbon-fiber Leg 2451 | -9/Storage | Repaired Carbon-fiber Leg 2489 | -9/Storage | Repaired Carbon-fiber Leg 2913 | -9/Storage | Garrison activated, responded to threat 3005 | -9/Storage | Discovered new exit (range 15) 3084 | -9/Storage | Entered Materials 3084 | -8/Materials | Evolved 2 slots: Power x1, Utility x1 3165 | -8/Materials | Lost 5 parts (1p1n1u2w) 3252 | -8/Materials | Lost 4 parts (2n2w) 3380 | -8/Materials | Lost 3 parts (1p2w) 3925 | -8/Materials | Lost 5 parts (1p4n) 3989 | -8/Materials | Build established: Scavenger-Mutant 4412 | -8/Materials | Discovered new exit (range 10) 4489 | -8/Materials | Entered Factory 4489 | -7/Factory | Evolved 2 slots: Power x1, Utility x1 4548 | -7/Factory | Build established: Mutant 4658 | -7/Factory | Garrison activated, responded to threat 4848 | -7/Factory | Identified exit to Lower Caves 4976 | -7/Factory | Build established: Scavenger-Mutant 5833 | -7/Factory | Discovered new exit (range 9) 5969 | -7/Factory | Fabricated Imp. Thermal Shield? 6001 | -7/Factory | Entered another Factory area 6001 | -6/Factory | Evolved 2 slots: Utility x2 6101 | -6/Factory | Lost 3 parts (1p2w) 6288 | -6/Factory | Lost 5 parts (1p1n2u1w) 6525 | -6/Factory | Discovered new exit (range 13) 6546 | -6/Factory | Entered Extension 6629 | -6/Extension | Rescued a captive Derelict 7026 | -6/Extension | Rescued a captive Derelict 7027 | -6/Extension | Rescued a captive Derelict 7142 | -6/Extension | Rescued a captive Derelict 7162 | -6/Extension | Rescued a captive Derelict 7385 | -6/Extension | Spotted B-75 Beast 7496 | -6/Extension | Disrupted transfer network 7617 | -6/Extension | Disrupted transfer network 7864 | -6/Extension | Destroyed B-75 Beast 7901 | -6/Extension | Spotted B-75 Beast 7942 | -6/Extension | Lost 4 parts (1n3u) 8022 | -6/Extension | Lost 6 parts (3p1n2w) 8524 | -6/Extension | Lost 4 parts (1n2u1w) 8579 | -6/Extension | Identified exit to Factory 8630 | -6/Extension | Lost 4 parts (2p1u1w) 8746 | -6/Extension | Repaired Lgt. Fission Core 9412 | -6/Extension | Core integrity fell below 50% 9507 | -6/Extension | Discovered new exit (range 6) 9631 | -6/Extension | Entered Cetus 9643 | -6/Cetus | Spotted Cetus Guard 9643 | -6/Cetus | Spotted Cetus Guard 9648 | -6/Cetus | Spotted Cetus Guard 9652 | -6/Cetus | Spotted Cetus Guard 9671 | -6/Cetus | Destroyed Cetus Guard 9680 | -6/Cetus | Destroyed Cetus Guard 9688 | -6/Cetus | Core integrity fell below 20% 9693 | -6/Cetus | Destroyed Cetus Guard 9704 | -6/Cetus | Destroyed by Cetus Guard with Advanced Variable Charge Gun Last Messages --------------- Slug penetrates Wall. Flexi-carbon Leg destroyed. Penetrated by Slug. Phasing Sabre follow-up attack on Cetus Guard. Penetrated by Slug. Fission Core destroyed. Penetrated by Slug. Slug penetrates Earth. Cetus Guard destroyed. Penetrated by Slug. Flexi-carbon Leg destroyed. Penetrated by Slug. Imp. Deuterium Engine destroyed. Penetrated by Slug. Phasing Sabre follow-up attack on Cetus Guard. Flexi-carbon Leg destroyed. Penetrated by Slug. Slug penetrates Cetus Guard. Cetus Guard suffers critical hit. Cetus Guard destroyed. Map ----- +----------------------------------------------------+ | ?????????????????????????????????????????????????? | | ?????????????????????? ????????????????????????? | | ?????????????????????? ????????????????????????? | | ?????????????????????? ????????????????????????? | | ?????????????????????# #???????????????????????? | | ?????????????????????# #???????????????????????? | | ?????????????????????# #???????????????????????? | | ?????????????????????# #???????????????????????? | | ?????????????????????# #???????????????????????? | | ?????????????????????; #???????????????????????? | | ?????????????????????; #???????????????????????? | | ?????????????????????# #???????????????????????? | | ?????????????????????# #???????????????????????? | | ?????????????????????# #???????????????????????? | | ?????????????????????# #???????????????????????? | | ?????????????????????# #???????????????????????? | | ?????????????????????# #???????????????????????? | | ?????????????????????# #???????????????????????? | | ?????????????????????# #???????????????????????? | | ?????????????????????# #???????????????????????? | | ??????????????????##?# ##??????????????????????? | | ??????????????????# # ;#??????????????????????? | | ??????????###?????? ; ;#???????#??????????????? | | ###########;#;;######; ;##### ###????????????? | | # =*Y[ +????????????? | | # *!@!! w +????????????? | | # !!%=%! +????????????? | | ###########;######;####[####### ###????????????? | | ??????????###????????# #????????###??????????????? | | ????????????????????# #??????????????????????????? | | ????????????????????##???????????????????????????? | | ?????????????????????????????????????????????????? | | ?????????????????????????????????????????????????? | | ?????????????????????????????????????????????????? | | ?????????????????????????????????????????????????? | | ?????????????????????????????????????????????????? | | ?????????????????????????????????????????????????? | | ?????????????????????????????????????????????????? | | ?????????????????????????????????????????????????? | | ?????????????????????????????????????????????????? | | ?????????????????????????????????????????????????? | | ?????????????????????????????????????????????????? | | ?????????????????????????????????????????????????? | | ?????????????????????????????????????????????????? | | ?????????????????????????????????????????????????? | | ?????????????????????????????????????????????????? | | ?????????????????????????????????????????????????? | | ?????????????????????????????????????????????????? | | ?????????????????????????????????????????????????? | | ?????????????????????????????????????????????????? | +----------------------------------------------------+ Best States ------------- Heat Dissipation 83 Energy Generation 42 Energy Capacity 690 Matter Stores 300 Matter Capacity 300 Sight Range 22 Robot Scan Range 20 Terrain Scan Density 10 ECM Strength 2 Power Amplification 20 Armor Coverage 375 Resistance: KI 20 Resistance: TH 20 Resistance: EX 20 Resistance: EM 20 Resistance: I 20 Resistance: S 20 Resistance: P 20 Phase Shifting 5 Evasion (%) 45 Targeting Accuracy 13 Core Analysis 8 Recoil Reduction 4 Particle Charging 15 Offensive Hacking 10 Item Schematics ----------------- None Robot Schematics ------------------ None Fabricated ------------ Imp. Thermal Shield | x2 | -7/Factory | Preloaded Alien Tech Used ----------------- None Achievements -------------- Can't Touch This Librarian Challenges ------------ None Game ------ Seed DroneCompactGuard Manual? 0 Play Time 01:43:43 Cumulative 8.7 hours Start 2021.10.22 @ 18:57:11 End 2021.10.22 @ 22:48:55 Sessions 1 Manual Loads 0 Difficulty Adventurer Special Mode None Game No. 7 Rogue 0 Adventurer 7 Explorer 0 Win Type - Total 0 Types 0/0/0/0/0/0/0/0/0 Lore% 7 Gallery% 17 Achievement% 19 Wizard Run 0 Options --------- ASCII 0 Keyboard 0 Movement Mouse Keybinds 0 Fullscreen 2 Font 18/SmallcapsGlow Map View 76x50 Tactical HUD 0 Map Filters NONE Filters NONE Steam 1 RUN: 781769fd-f514-4f98-817b-aa6f9feb1fc5